 Dungeon Crawl Stone Soup version 0.19.0-11-g3fc08b3 (webtiles) character file.

986 Otomara the Digger (level 8, -2/61 HPs)
             Began as a Gargoyle Earth Elementalist on Nov 8, 2016.
             Killed from afar by Sigmund (15 damage)
             ... with a puff of flame
             ... on level 5 of the Dungeon.
             The game lasted 00:22:03 (6935 turns).

Otomara the Digger (Gargoyle Earth Elementalist)    Turns: 6935, Time: 00:22:03

Health: -2/61      AC:  9    Str: 17    XL:     8   Next: 18%
Magic:  17/17      EV: 12    Int: 18    God:
Gold:   244        SH:  0    Dex: 10    Spells: 3 memorised, 10 levels left

rFire  . . .     SeeInvis .     r - +2 short sword
rCold  . . .     Gourm    .     c - +2 robe
rNeg   + . .     Faith    .     (no shield)
rPois  ∞         Spirit   .     (no helmet)
rElec  +         Reflect  .     (no cloak)
rCorr  .         Harm     .     (no gloves)
MR     .....                    (no boots)
Stlth  ..........               (no amulet)
                                (no ring)
                                a - +1 ring of slaying

@: berserking (expiring), very quick
A: negative energy resistance 1, electricity resistance, unbreathing,
petrification resistance, rot immunity, AC +5
a: no special abilities


You were on level 5 of the Dungeon.
You were not hungry.

You visited 2 branches of the dungeon, and saw 6 of its levels.

You collected 244 gold pieces.

Inventory:

Hand Weapons
 g - a +0 flail
 h - a +0 dagger
 i - a +0 mace
 m - a +0 dagger of flaming
 r - a +2 short sword (weapon)
Missiles
 b - 26 stones (quivered)
Armour
 c - a +2 robe (worn)
Jewellery
 a - a +1 ring of slaying (left hand)
Wands
 f - a wand of flame (42/48)
 n - a wand of confusion (10/48)
Scrolls
 l - a scroll of teleportation
Potions
 o - 2 potions of might
Books
 e - a book of Geomancy

   Spells                             Type                      Level
   a - Sandblast                      Earth                        1
   b - Passwall                       Transmutation/Earth          2
   c - Stone Arrow                    Conjuration/Earth            3
   d - Petrify                        Transmutation/Earth          4
   e - Lee's Rapid Deconstruction     Earth                        5
Comestibles
 d - 2 bread rations
 s - a meat ration


   Skills:
 - Level 1.5 Dodging
 - Level 2.1 Stealth
 * Level 6.4 Spellcasting
 + Level 4.0 Conjurations
   Level 0.7 Transmutations
 + Level 6.9 Earth Magic


You had 10 spell levels left.
You knew the following spells:

 Your Spells              Type           Power        Failure   Level  Hunger
a - Sandblast             Erth           ####..       1%          1    None
b - Stone Arrow           Conj/Erth      ####..       3%          3    ##.....
c - Lee's Rapid Deconstr  Erth           ####......   21%         5    #####..


Dungeon Overview and Level Annotations

Branches:
Dungeon (5/15)             Temple (1/1) D:4

Altars:
Ashenzari
Cheibriados
Dithmenos
Hepliaklqana
Nemelex Xobeh
Okawaru
Ru
Trog
Uskayaw
Xom
Zin

Annotations:
D:5 Sigmund


Innate Abilities, Weirdness & Mutations

You are resistant to torment.
Your stone body is resilient. (AC +5)
You are immune to poison.
You resist negative energy. (rN+)
You are resistant to electric shocks. (rElec)
You can survive without breathing.
You are immune to petrification.
You are immune to rotting.


Message History

You puncture something!
Sigmund appears from thin air!
Reactivating autopickup.
Sigmund drinks a potion.
Sigmund is healed!
You hit Sigmund.
Sigmund is moderately wounded.
You closely miss Sigmund.
Sigmund is moderately wounded.
Sigmund barely misses you.
You hit Sigmund.
Sigmund is heavily wounded.
You closely miss Sigmund.
Sigmund is heavily wounded.
Sigmund points at you and mumbles some strange words.
The puff of flame hits you!
* * * LOW HITPOINT WARNING * * *
You puncture Sigmund!
Sigmund is almost dead.
Sigmund casts a spell at you. The puff of flame hits you!
You die...

.. .. ###. #.. ##.####
#.....# #####..##.#
######......##@#
#........#..##@# #+#
#........#..##'####.#
#........#........#.#
#........'.#......#.###
#........###.....†'...####.#
###........#
#......###......# <.
...........# #......#
#.###..###. ...........#
#......# #.###......


You could see Sigmund.

Vanquished Creatures
  The ghost of Goodini51 the Chiller, an amateur HEIE of Sif Muna (D:4)
  An ogre (D:4)
  Blork the orc (D:4)
  A scorpion (D:5)
  The ghost of bworf the Slasher, a weakling HESk (D:3)
  4 orc priests
  3 orc wizards (D:4)
  3 iguanas (D:4)
  A worker ant (D:4)
  2 howler monkey skeletons (D:4)
  7 adders
  4 gnolls
  An ooze (D:4)
  An adder zombie (D:5)
  A worm (D:2)
  2 dart slugs
  4 leopard geckos
  20 orcs
  4 giant cockroaches
  16 goblins
  3 hobgoblins
  21 jackals
  9 kobolds
  2 quokkas (D:4)
  8 bats
  8 frilled lizards
  A jackal skeleton (D:4)
  12 rats
142 creatures vanquished.

Notes
Turn   | Place    | Note
-------+----------+-------------------------------------------
     0 | D:1      | Otomara the Gargoyle Earth Elementalist began the quest for the Orb.
     0 | D:1      | Reached XP level 1. HP: 10/10 MP: 3/3
   492 | D:1      | Reached XP level 2. HP: 15/15 MP: 0/5
  1006 | D:1      | Reached XP level 3. HP: 12/19 MP: 6/6
  2602 | D:2      | Reached XP level 4. HP: 24/24 MP: 6/8
  3212 | D:2      | Learned a level 3 spell: Stone Arrow
  3300 | D:3      | Reached skill level 5 in Earth Magic
  3300 | D:3      | Reached XP level 5. HP: 11/28 MP: 0/10
  3617 | D:3      | Noticed bworf's ghost (weakling HESk)
  3625 | D:3      | Learned a level 5 spell: Lee's Rapid Deconstruction
  3635 | D:3      | Reached skill level 1 in Conjurations
  4072 | D:3      | Killed bworf's ghost
  4202 | D:4      | Reached XP level 6. HP: 15/32 MP: 6/12
  4243 | D:4      | Noticed Goodini51's ghost (amateur HEIE)
  4284 | D:4      | Killed Goodini51's ghost
  4528 | D:4      | Found a staircase to the Ecumenical Temple.
  4537 | Temple   | Entered the Ecumenical Temple
  4773 | D:4      | Reached skill level 5 in Spellcasting
  4773 | D:4      | Reached XP level 7. HP: 31/36 MP: 7/14
  4843 | D:4      | Noticed Blork the orc
  5028 | D:3      | Found a glowing silver altar of Zin.
  6252 | D:4      | Found an iron altar of Okawaru.
  6448 | D:4      | Killed Blork the orc
  6448 | D:4      | Reached XP level 8. HP: 41/41 MP: 11/17
  6628 | D:5      | Entered Level 5 of the Dungeon
  6894 | D:5      | Noticed Sigmund
  6935 | D:5      | Killed from afar by Sigmund

Skill      XL: |  1  2  3  4  5  6  7  8 |
---------------+-------------------------+-----
Earth Magic    | 4 5 6 |  6.9
Spellcasting   | 3 4 5 6 |  6.4
Conjurations   | 1 2 3 4 |  4.0
Dodging        | |  1.5
Stealth        | |  2.1
Transmutations | |  0.7

Action                   |  1- 3 |  4- 6 |  7- 9 || total
-------------------------+-------+-------+-------++-------
Melee: Dagger            |    78 |       |       ||    78
       Short sword       |    25 |   117 |    79 ||   221
 Cast: Sandblast         |    36 |     3 |    74 ||   113
       Stone Arrow       |       |    12 |     5 ||    17
       Lee's Rapid Decon |       |     3 |     1 ||     4
  Use: Scroll            |     1 |    11 |     1 ||    13
       Potion            |       |    10 |     1 ||    11
 Stab: Sleeping          |       |     2 |       ||     2
  Eat: Chunk             |     5 |     9 |     7 ||    21
       Pizza             |       |     1 |       ||     1
Armor: Robe              |    43 |    60 |    55 ||   158
       Skin              |       |    14 |       ||    14
Dodge: Dodged            |    98 |    85 |    59 ||   242
